 Dungeon Crawl Stone Soup version 0.31-a0-152-g6aa68a64a1 (webtiles) character file.

Game seed: 1255897092683606581

91139 Zonian the Grappler (level 15, -1/174 HPs)
             Began as a Troll Fighter on June 10, 2023.
             Was a High Priest of Ashenzari.
             Slain by a troll (5 damage)
             ... while paralysed by an ogre mage
             ... on level 2 of the Orcish Mines.
             The game lasted 00:59:23 (22799 turns).

Zonian the Grappler (Troll Fighter)                Turns: 22799, Time: 00:59:23

Health: -1/174     AC:  8    Str: 32    XL:     15   Next: 54%
Magic:  15/15      EV:  1    Int:  4    God:    Ashenzari [*****.]
Gold:   485        SH:  0    Dex: 11    Spells: 15/15 levels left

rFire   . .          .
                       - Unarmed
rCold   . . .        b - +1 kite shield "Doubts of Ashenzari" {Melee, Range} (curse)
rNeg    . . .        K - +0 steam dragon scales "Restrained With Me" {Range, Fort} (curse)
rPois   +            J - +1 hat "Overhang to Understand" {Melee, Cun} (curse)
rElec   .            H - scarf "Chained Soothsayer" {shadows, Cun, Self} (curse)
rCorr   .            (gloves unavailable)
SInv    +            (boots unavailable)
Will    +....        L - amulet of the Wild Blue Yonder {Regen+, Self, Range} (curse)
Stlth   +            p - ring of Ashenzari's Sybil {EV+5, Self, Melee} (curse)
HPRegen 2.09/turn    O - ring "I Knew You'd Do That" {rPois, Evo, Self} (curse)
MPRegen 0.14/turn

%: clarity
@: paralysed
A: large, unfitting armour, claws 3, regeneration 1, shaggy fur 1, tough skin 1
a: Renounce Religion, Curse Item, Shatter the Chains


You were on level 2 of the Orcish Mines.
You worshipped Ashenzari.
Ashenzari was extremely pleased with you.
You visited 4 branches of the dungeon, and saw 23 of its levels.
You visited 1 bazaar.
You also visited: Gauntlet.

You collected 2087 gold pieces.
You spent 1602 gold pieces at shops.

Inventory:

Hand Weapons
 r - a +3 scimitar of flaming
 U - a +2 antimagic battleaxe
Missiles
 j - 5 javelins
 s - 6 datura-tipped darts
 w - 3 throwing nets
 E - 20 poisoned darts
Armour
 b - the cursed +1 kite shield "Doubts of Ashenzari" (worn) {Melee, Range}

   It has a curse which improves the following skills: Melee Combat: Short
   Blades, Long Blades, Axes, Maces & Flails, Polearms, Staves and Unarmed
   Combat.
   Ranged Combat: Ranged Weapons and Throwing.
 H - the cursed scarf "Chained Soothsayer" (worn) {shadows, Cun, Self}
   (You found it on level 7 of the Dungeon)

   It has a curse which improves the following skills: Cunning: Dodging and
   Stealth.
   Introspection: Fighting and Spellcasting.
 J - the cursed +1 hat "Overhang to Understand" (worn) {Melee, Cun}
   (You found it on level 7 of the Dungeon)

   It has a curse which improves the following skills: Melee Combat: Short
   Blades, Long Blades, Axes, Maces & Flails, Polearms, Staves and Unarmed
   Combat.
   Cunning:   Dodging and Stealth.
 K - the cursed +0 steam dragon scales "Restrained With Me" (worn) {Range, Fort}
   (You took it off Maggie on level 8 of the Dungeon)

   It has a curse which improves the following skills: Ranged Combat: Ranged
   Weapons and Throwing.
   Fortitude: Armour and Shields.
 S - a +2 hat
Jewellery
 a - a ring of willpower
 c - a ring of protection from fire
 i - an amulet of guardian spirit
 m - a ring of flight
 p - the cursed ring of Ashenzari's Sybil (left claw) {EV+5, Self, Melee}
   (You found it on level 2 of the Dungeon)

   [ring of evasion]

   EV:        It affects your evasion (+5).
   It has a curse which improves the following skills: Introspection: Fighting
   and Spellcasting.
   Melee Combat: Short Blades, Long Blades, Axes, Maces & Flails, Polearms,
   Staves and Unarmed Combat.
 y - a ring of protection from cold
 I - the ring of Codastism {rPois rF- rC+ Int+2 Dex+2}
   (You found it in a Gauntlet)

   [ring of protection from cold]

   Int:       It affects your intelligence (+2).
   Dex:       It affects your dexterity (+2).
   rF:        It makes you vulnerable to fire.
   rC:        It protects you from cold.
   rPois:     It protects you from poison.
 L - the cursed amulet of the Wild Blue Yonder (around neck) {Regen+, Self, Range}
   (You found it on level 8 of the Dungeon)

   [amulet of regeneration]

   Regen:     It increases your rate of health regeneration.
   It has a curse which improves the following skills: Introspection: Fighting
   and Spellcasting.
   Ranged Combat: Ranged Weapons and Throwing.
 M - a ring of protection from cold
 N - the ring "Helownuo" {rN+ rCorr Dex+4}
   (You acquired it on level 3 of the Lair of Beasts)

   [ring of positive energy]

   Dex:       It affects your dexterity (+4).
   rN:        It protects you from negative energy.
   rCorr:     It protects you from acid and corrosion.
 O - the cursed ring "I Knew You'd Do That" (right claw) {rPois, Evo, Self}
   (You found it on level 10 of the Dungeon)

   [ring of poison resistance]

   rPois:     It protects you from poison.
   It has a curse which improves the following skills: Evocations: Evocations.
   Introspection: Fighting and Spellcasting.
 V - an amulet of regeneration
 X - a +5 ring of evasion
Wands
 l - a wand of digging (5)
 C - a wand of mindburst (42)
 D - a wand of iceblast (27)
 F - a wand of flame (77)
 Y - a wand of polymorph (8)
Scrolls
 d - 3 scrolls of silence
 e - 2 scrolls of poison
 f - a scroll of fear
 h - 6 scrolls of blinking
 n - 8 scrolls of teleportation
 q - 2 scrolls of vulnerability
 t - 2 scrolls of enchant weapon
 A - a scroll of summoning
Potions
 g - a potion of enlightenment
 k - 4 potions of lignification
 o - 5 potions of curing
 u - 4 potions of mutation
 v - a potion of invisibility
 z - a potion of attraction
 B - 2 potions of haste
 G - a potion of ambrosia
 P - 2 potions of magic
 T - 3 potions of heal wounds
 W - 2 potions of brilliance
 Z - a potion of cancellation
Miscellaneous
 x - a phial of floods
 Q - a box of beasts
 R - a condenser vane (inert)


   Skills:
 + Level 12.6(17.6) Fighting
 - Level 1.7(4.5) Throwing
 - Level 10.6(13.7) Dodging
 + Level 13.6(15.7) Shields
 + Level 14.6(18.7) Unarmed Combat
 + Level 4.1(6.1) Evocations


You had 15 spell levels left.
You didn't know any spells.
Your spell library contained the following spells:

 Spells                   Type           Power      Damage    Failure   Level
 Beastly Appendage        Tmut           0%         N/A       56%         1
 Magic Dart               Conj           0%         1d3       56%         1
 Necrotise                Necr           0%         1d4       56%         1
 Slow                     Hex            0%         N/A       56%         1
 Sting                    Tmut/Pois      0%         1d3       56%         1
 Blink                    Tloc           0%         N/A       71%         2
 Call Imp                 Summ           0%         N/A       71%         2
 Cigotuvi's Dreadful Rot  Necr/Pois/Air  0%         N/A       71%         2
 Searing Ray              Conj           0%         2d4       71%         2
 Wereblood                Tmut           0%         N/A       71%         2
 Confusing Touch          Hex            0%         N/A       91%         3
 Inner Flame              Hex/Fire       0%         N/A       91%         3
 Mephitic Cloud           Conj/Pois/Air  0%         N/A       91%         3
 Spider Form              Tmut/Pois      0%         N/A       91%         3
 Summon Guardian Golem    Hex/Summ       0%         N/A       91%         3
 Vampiric Draining        Necr           0%         2d6       91%         3
 Vhi's Electric Charge    Tloc/Air       0%         N/A       91%         3
 Volatile Blastmotes      Fire/Tloc      0%         2d10      91%         3
 Anguish                  Hex/Necr       0%         N/A       100%        4
 Animate Armour           Summ/Erth      0%         N/A       100%        4
 Dispel Undead            Necr           0%         3d6       100%        4
 Fulminant Prism          Conj/Hex       0%         3d5       100%        4
 Iskenderun's Mystic Bla  Conj/Tloc      0%         2d3       100%        4
 Manifold Assault         Tloc           0%         N/A       100%        4
 Summon Lightning Spire   Summ/Air       0%         N/A       100%        4
 Agony                    Necr           0%         N/A       100%        5
 Arcjolt                  Conj/Air       0%         1d10      100%        5
 Blade Hands              Tmut           0%         N/A       100%        5
 Irradiate                Conj/Tmut      0%         3d11      100%        5
 Lee's Rapid Deconstruct  Erth           0%         3d4*      100%        5
 Summon Forest            Summ/Tloc      0%         N/A       100%        5
 Summon Mana Viper        Hex/Summ       0%         N/A       100%        5
 Yara's Violent Unravell  Hex/Tmut       0%         3d3       100%        5
 Death Channel            Necr           0%         N/A       100%        6
 Dispersal                Tloc           0%         N/A       100%        6
 Summon Cactus Giant      Summ           0%         N/A       100%        6
 Dragon Form              Tmut           0%         N/A       100%        7
 Enfeeble                 Hex            0%         N/A       100%        7
 Storm Form               Tmut/Air       0%         N/A       100%        7
 Summon Hydra             Summ           0%         N/A       100%        7
 Disjunction              Tloc           0%         N/A       100%        8
 Maxwell's Capacitive Co  Air            0%         ∞         100%        8


Dungeon Overview and Level Annotations

Branches:
Dungeon (15/15)            Temple (1/1) D:5            Lair (5/5) D:8
  Swamp (0/4) Lair:2        Snake (0/4) Lair:3        Slime (0/5) Lair:5
    Orc (2/2) D:10            Elf (0/3) Orc:2        Vaults (0/5) D:13
 Depths (0/4) D:15        Gauntlet (visited)

Altars:
Ashenzari
Cheibriados
Dithmenos
Elyvilon
Fedhas
Gozag
Hepliaklqana
Kikubaaqudgha
Makhleb
Nemelex Xobeh
Okawaru
Qazlal
Ru
Sif Muna
Trog
Uskayaw
Vehumet
Wu Jian
Xom
Yredelemnul
Zin
The Shining One

Shops:
D:5 ==!(*   D:6 (   D:10 [   Orc:2 ?(*

Annotations:
D:10 exclusion: statue
D:11 2 transporters, jejorda2's ghost, journeyman DrBe
Lair:5 exclusion: oklob plant


Innate Abilities, Weirdness & Mutations

You are too large for most types of armour.
You have claws for hands.
Your natural rate of healing is unusually fast.
You are covered in fur. (AC +1)
You have tough skin. (AC +1)


Message History

You block the troll's attack.
Unknown command.
You completely miss the ogre mage.
The ogre mage is severely wounded.
Unknown command.
You scratch the ogre mage.
The ogre mage is severely wounded.
The ogre completely misses you. The troll barely misses you.
You block the troll's attack. x2
An ogre comes into view. It is wielding a +0 giant spiked club.
The ogre mage points at you and mumbles some strange words.
You suddenly lose the ability to move!
The ogre hits you with a +0 giant club! The troll bites you!
The troll claws you. x2
The ogre mage gestures at you while chanting.
You resist with some effort. The ogre hits you with a +0 giant club!
The troll bites you!
The troll claws you. x2; The ogre mage barely misses you.
The ogre barely misses you. The troll bites you!
The troll claws you but does no damage. The troll claws you!
The ogre mage gestures at you while chanting.
The bolt of magma hits you!!
The ogre hits you with a +0 giant club!!
* * * LOW HITPOINT WARNING * * *
The troll bites you.
* * * LOW HITPOINT WARNING * * *
The troll claws you!
* * * LOW HITPOINT WARNING * * *
The troll claws you.
* * * LOW HITPOINT WARNING * * *
The ogre mage hits you with a +0 club.
* * * LOW HITPOINT WARNING * * *
The ogre hits you with a +0 giant club.
* * * LOW HITPOINT WARNING * * *
The troll bites you.
* * * LOW HITPOINT WARNING * * *
The troll claws you!
* * * LOW HITPOINT WARNING * * *
The troll claws you.
You die...

......##.......................##
#.....###........###.#........###
......# ##.......#####........###
......###..........#.........###.
......##......#...............##.
###...........#..................
##.#........####........##.......
#....)...#.####T#.......**#......
##.###..##.##.TO@...##.#* ##.....
### #...###..OO##...#** ##....
##..####(O##*...# ####.....
#.###.$.).# #.## ##.>....#.
####...).## ## #.......#.
#...)....# **#......##.
#...(.(.{##* *.##....#.##
*.......... * #..........
......∩....,,, *#.......#.


You could see an ogre mage (invisible), 2 trolls and 3 ogres.

Vanquished Creatures
  Rupert (Orc:2)
  Frances (D:13)
  A fire giant (D:15)
  Nessos (D:14)
  A minotaur (Gauntlet)
  Snorg (D:14)
  A fire dragon (Lair:5)
  An entropy weaver (Gauntlet)
  3 hydras
  A rakshasa (D:14)
  An ogre mage (Orc:2)
  A catoblepas (D:12)
  Erica (Orc:1)
  3 centaur warriors
  14 two-headed ogres
  A tengu warrior (D:13)
  2 death scarabs (Gauntlet)
  6 death yaks (Lair:5)
  4 skysharks
  A spectral death yak (Gauntlet)
  Amaemon (D:8)
  2 deep trolls (Orc:2)
  A wizard (D:13)
  A spectral hydra (Gauntlet)
  A swamp dragon (Lair:5)
  2 orc knights
  An orc sorcerer (Orc:2)
  16 ugly things
  A wolf spider (Gauntlet)
  9 cyclopes
  A manticore (D:14)
  6 elephants (Lair:5)
  Joseph (D:9)
  3 torpor snails
  A gargoyle (D:11)
  9 cane toads
  Maggie (D:8)
  An orange demon (D:8)
  A rime drake (Lair:2)
  2 efreet
  A freezing wraith (D:14)
  14 komodo dragons
  10 trolls
  Grinder (D:5)
  A polar bear (Lair:5)
  Prince Ribbit (D:5)
  25 blink frogs
  A hornet (D:9)
  A spectral dream sheep (Gauntlet)
  6 dream sheep (Lair:3)
  5 slime creatures (D:14)
  A jumping spider (Gauntlet)
  A centaur simulacrum (D:14)
  2 vampires
  A shadow (D:12)
  3 wraiths
  3 wyverns
  A fire elemental (D:14)
  79 yaks
  4 steam dragons
  5 basilisks
  11 vampire mosquitoes
  2 wargs
  3 nagas (Lair:3)
  20 water moccasins
  4 acid dragons
  12 orc warriors
  2 swamp drakes (Lair:5)
  An ice beast (D:6)
  2 sky beasts
  16 ogres
  16 wolves
  6 centaurs
  2 kobold brigands
  Blork the orc (D:4)
  14 bullfrogs
  2 gnoll sergeants
  3 scorpions
  5 electric eels
  9 howler monkeys
  6 crimson imps
  2 lava snakes (Lair:1)
  2 hounds
  17 orc priests
  10 iguanas
  3 sleepcaps
  3 gnoll boudas (D:8)
  Ijyb (D:3)
  19 orc wizards
  Robin (D:3)
  23 gnolls
  7 adders
  A shadow imp (D:8)
  7 white imps
  A worm (D:5)
  2 dart slugs
  59 orcs
  A bat (D:1)
  11 endoplasms
  5 giant cockroaches
  13 goblins
  8 hobgoblins
  2 jackals (D:2)
  4 ball pythons
  3 frilled lizards
  13 kobolds
  5 rats
633 creatures vanquished.

Vanquished Creatures (collateral kills)
  A bullfrog (Lair:1)
1 creature vanquished.

Vanquished Creatures (others)
  A kobold (D:7)
1 creature vanquished.

Grand Total: 635 creatures vanquished

Notes
Turn   | Place    | Note
-------+----------+-------------------------------------------
     0 | D:1      | Zonian the Troll Fighter began the quest for the Orb.
     0 | D:1      | Reached XP level 1. HP: 22/22 MP: 0/0
   244 | D:1      | Reached XP level 2. HP: 29/29 MP: 1/1
   819 | D:1      | Reached XP level 3. HP: 36/36 MP: 2/2
  1269 | D:2      | Reached XP level 4. HP: 44/44 MP: 3/3
  1679 | D:3      | Found a shadowy altar of Dithmenos.
  1861 | D:3      | Noticed Robin
  1861 | D:3      | Noticed Ijyb
  1933 | D:3      | Killed Ijyb
  1942 | D:3      | Killed Robin
  1943 | D:3      | Reached skill level 3 in Unarmed Combat
  2220 | D:3      | Found a stormy altar of Qazlal.
  2304 | D:3      | Reached XP level 5. HP: 29/53 MP: 4/4
  2647 | D:4      | Noticed an ogre
  2654 | D:4      | Killed an ogre
  2655 | D:4      | Reached XP level 6. HP: 55/61 MP: 5/5
  3110 | D:4      | Noticed Blork the orc
  3116 | D:4      | Killed Blork the orc
  3377 | D:4      | Found a shimmering blue altar of Sif Muna.
  3387 | D:4      | Reached skill level 4 in Unarmed Combat
  3497 | D:5      | Entered Level 5 of the Dungeon
  3497 | D:5      | Found Gozxenoh's Weapon Shoppe.
  3507 | D:5      | Noticed an orc warrior
  3577 | D:5      | Reached XP level 7. HP: 68/68 MP: 6/6
  3584 | D:5      | Found Purishre's Distillery.
  3592 | D:5      | Bought a potion of haste for 140 gold pieces
  3592 | D:5      | Bought a potion of berserk rage for 70 gold pieces
  4099 | D:5      | Noticed Grinder
  4102 | D:5      | Paralysed by Grinder for 2 turns
  4116 | D:5      | Killed Grinder
  4117 | D:5      | Reached skill level 5 in Shields
  4117 | D:5      | Reached skill level 5 in Unarmed Combat
  4117 | D:5      | Reached XP level 8. HP: 68/79 MP: 7/7
  4278 | D:5      | Found Xaloive's Jewellery Boutique.
  4346 | D:5      | Found Duepryt's Assorted Antiques.
  4349 | D:5      | Bought a scroll labelled PAUCRIY INAQ for 21 gold pieces
  4433 | D:5      | Found Safiuch's Jewellery Boutique.
  4470 | D:5      | Found a staircase to the Ecumenical Temple.
  4480 | Temple   | Entered the Ecumenical Temple
  4488 | Temple   | Became a worshipper of Ashenzari the Shackled
  4535 | D:5      | Noticed Prince Ribbit
  4550 | D:5      | Killed Prince Ribbit
  4551 | D:5      | Reached skill level 5 in Fighting
  4551 | D:5      | Reached skill level 5 in Dodging
  4963 | D:6      | Reached skill level 6 in Unarmed Combat
  5200 | D:6      | Found Anys's Antique Weapon Emporium.
  5302 | D:6      | Reached XP level 9. HP: 75/88 MP: 8/8
  6430 | D:8      | Reached skill level 7 in Unarmed Combat
  6530 | D:8      | Noticed Maggie
  6538 | D:8      | Killed Maggie
  6938 | D:8      | Found a staircase to the Lair.
  7015 | D:8      | Found an ancient bone altar of Kikubaaqudgha.
  7117 | D:8      | Reached XP level 10. HP: 100/100 MP: 9/9
  7602 | D:8      | Noticed Amaemon
  7602 | D:8      | Noticed an orange demon
  7614 | D:8      | Killed Amaemon
  7623 | D:8      | Killed an orange demon
  7624 | D:8      | Reached skill level 8 in Unarmed Combat
  7895 | D:8      | Found a basalt altar of Yredelemnul.
  7961 | D:8      | Reached * piety under Ashenzari
  8370 | D:9      | Noticed Joseph
  8390 | D:9      | Killed Joseph
  8535 | D:9      | Noticed a two-headed ogre
  8544 | D:9      | Killed a two-headed ogre
  9018 | D:9      | Found a shimmering altar of Xom.
  9018 | D:9      | Found a burning altar of Makhleb.
  9331 | D:10     | Entered Level 10 of the Dungeon
  9331 | D:10     | Found Impuarid's Armour Emporium.
  9392 | D:10     | Found a staircase to the Orcish Mines.
  9397 | D:10     | Noticed a two-headed ogre
  9458 | D:10     | Reached XP level 11. HP: 103/113 MP: 10/10
  9479 | D:10     | Killed a two-headed ogre
  9482 | D:10     | Reached skill level 9 in Unarmed Combat
  9667 | D:10     | Found a radiant altar of Vehumet.
  9817 | D:10     | Found an ornate altar of the Wu Jian Council.
  9893 | D:10     | Reached ** piety under Ashenzari
 10006 | D:10     | Found a sparkling altar of Nemelex Xobeh.
 10251 | D:11     | Noticed jejorda2's ghost (journeyman DrBe)
 10368 | D:11     | Found a transporter.
 10389 | D:11     | Found a transporter.
 10389 | D:11     | Identified the ring "Seymouf" {+Blink rF+++ rC+ Str+6
                  | Slay-3}
 10533 | D:11     | Noticed a brown ugly thing
 10541 | D:11     | Killed a brown ugly thing
 10785 | D:12     | Reached *** piety under Ashenzari
 10857 | D:12     | Reached skill level 10 in Unarmed Combat
 10894 | D:12     | Found a shimmering altar of Xom.
 10897 | D:12     | Found a shimmering altar of Xom.
 10897 | D:12     | Found a shimmering altar of Xom.
 10897 | D:12     | Found a shimmering altar of Xom.
 10898 | D:12     | Found a shimmering altar of Xom.
 10898 | D:12     | Noticed a catoblepas
 10899 | D:12     | Found a shimmering altar of Xom.
 10945 | D:12     | Found a gate leading to a gauntlet.
 10954 | Gauntlet | Entered a Gauntlet
 10954 | Gauntlet | Found a transporter.
 10963 | Gauntlet | Noticed a death yak
 10965 | Gauntlet | Noticed a necromancer
 10966 | Gauntlet | Found a transporter.
 10966 | Gauntlet | Noticed a death yak
 10966 | Gauntlet | Noticed a death yak
 10966 | Gauntlet | Noticed a death yak
 10967 | Gauntlet | Noticed a death yak
 10967 | Gauntlet | Noticed a death yak
 10981 | Gauntlet | Found a transporter.
 10985 | Gauntlet | Found a transporter.
 11027 | Gauntlet | Found a transporter.
 11027 | Gauntlet | Noticed a wolf spider
 11036 | Gauntlet | Noticed an entropy weaver
 11036 | Gauntlet | Found a transporter.
 11043 | Gauntlet | Killed a wolf spider
 11054 | Gauntlet | Killed an entropy weaver
 11057 | Gauntlet | Reached XP level 12. HP: 29/131 MP: 11/11
 11202 | Gauntlet | Found a transporter.
 11219 | Gauntlet | Noticed a death scarab
 11219 | Gauntlet | Noticed a death scarab
 11225 | Gauntlet | Found a transporter.
 11225 | Gauntlet | Identified the ring of Codastism {rPois rF- rC+ Int+2
                  | Dex+2}
 11243 | Gauntlet | Killed a death scarab
 11268 | Gauntlet | Killed a death scarab
 11290 | Gauntlet | Identified the cursed scarf "Chained Soothsayer" {shadows,
                  | Cun, Self} (You found it on level 7 of the Dungeon)
 11290 | Gauntlet | Identified the cursed +1 hat "Overhang to Understand"
                  | {Melee, Cun} (You found it on level 7 of the Dungeon)
 11510 | Gauntlet | Identified the staff of air "Adghij" {rElec rPois Dex-3
                  | Stlth+}
 11510 | Gauntlet | Identified the staff of poison "Yryulaemi" {rElec rPois
                  | Str-2 Dex+4 SInv}
 11510 | Gauntlet | Identified the Collected Works on Lamentation and Formation
 11510 | Gauntlet | Noticed a minotaur
 11525 | Gauntlet | Killed a minotaur
 11842 | Lair:1   | Entered Level 1 of the Lair of Beasts
 12217 | Lair:1   | Reached skill level 10 in Shields
 12593 | Lair:1   | Found a bloodstained altar of Trog.
 13338 | Lair:2   | Reached skill level 11 in Unarmed Combat
 13601 | Lair:2   | Reached **** piety under Ashenzari
 14003 | Lair:2   | Found a staircase to the Swamp.
 14016 | Lair:2   | Reached XP level 13. HP: 128/144 MP: 12/12
 14403 | Lair:2   | Reached skill level 10 in Dodging
 14604 | Lair:2   | Reached skill level 10 in Fighting
 14966 | Lair:3   | Found a staircase to the Snake Pit.
 15036 | Lair:3   | Identified the Parchment of Infection and the Mob
 15514 | Lair:4   | Found an opulent altar of Gozag.
 15606 | Lair:4   | Reached skill level 12 in Unarmed Combat
 15611 | Lair:4   | Reached skill level 1 in Evocations
 15836 | Lair:4   | Noticed a dire elephant
 15840 | Lair:4   | Identified a scroll of acquirement
 15867 | Lair:3   | Acquired the ring "Helownuo" {rN+ rCorr Dex+4}
 16562 | Lair:4   | Reached ***** piety under Ashenzari
 16684 | Lair:5   | Entered Level 5 of the Lair of Beasts
 16994 | Lair:5   | Reached skill level 1 in Throwing
 17000 | Lair:5   | Noticed a fire dragon
 17008 | Lair:5   | Killed a fire dragon
 17145 | Lair:5   | Reached XP level 14. HP: 108/161 MP: 14/14
 17439 | Lair:5   | Found a staircase to the Slime Pits.
 17540 | Lair:5   | Reached skill level 13 in Unarmed Combat
 18286 | D:12     | Found a shimmering altar of Xom.
 18286 | D:12     | Found a shimmering altar of Xom.
 18653 | D:13     | Identified the +0 scale mail "Erokha" {rPois rF+ rC+ Dex+3}
 18837 | D:13     | Found a gate to the Vaults.
 18966 | D:13     | Noticed Frances
 18973 | D:13     | Killed Frances
 19412 | D:14     | Noticed Nessos
 19427 | D:14     | Killed Nessos
 19486 | D:14     | Noticed Snorg
 19618 | D:14     | Killed Snorg
 19803 | D:14     | HP: 3/163 [centaur warrior simulacrum (29)]
 20309 | D:14     | Identified the staff of cold "Itolucv Wiri" {rC+ Will+}
 20412 | D:14     | Found the +0 pair of fencer's gloves {Riposte Dex+3}
 20831 | D:14     | Reached skill level 14 in Unarmed Combat
 20878 | D:15     | Entered Level 15 of the Dungeon
 21001 | D:15     | Found a staircase to the Depths.
 21001 | D:15     | Noticed a fire giant
 21075 | D:15     | Killed a fire giant
 21076 | D:15     | Reached XP level 15. HP: 162/174 MP: 15/15
 22048 | Orc:1    | Entered Level 1 of the Orcish Mines
 22050 | Orc:1    | Noticed Erica
 22055 | Orc:1    | Killed Erica
 22324 | Orc:2    | Entered Level 2 of the Orcish Mines
 22403 | Orc:2    | Found a flickering gateway to a bazaar.
 22411 | Orc:2    | Noticed Rupert
 22422 | Orc:2    | Killed Rupert
 22428 | Orc:2    | Found a staircase to the Elven Halls.
 22438 | Orc:2    | Found Reogoto's Overcharged Wands.
 22466 | Bazaar   | Entered a bazaar
 22470 | Bazaar   | Found Rub Guh's Jewellery Boutique.
 22490 | Bazaar   | Found Cyceerch's Antique Weapon Emporium.
 22511 | Bazaar   | Found Ytim's General Store.
 22517 | Bazaar   | Bought 6 datura-tipped darts for 37 gold pieces
 22517 | Bazaar   | Bought a potion of invisibility for 56 gold pieces
 22530 | Bazaar   | Found Gamopn's Antique Armour Shoppe.
 22599 | Orc:2    | Bought a wand of mindburst (30) for 630 gold pieces
 22599 | Orc:2    | Bought a wand of iceblast (18) for 648 gold pieces
 22740 | Orc:2    | Found Duxtef Simu's Weapon Emporium.
 22741 | Orc:2    | Found Tetse's Magic Scroll Emporium.
 22794 | Orc:2    | Paralysed by an ogre mage for 5 turns
 22799 | Orc:2    | HP: 4/174 [troll (9)]
 22799 | Orc:2    | Slain by a troll

Illustrated notes

Levels and vault maps discovered:
D:1:      dpeg_arrival_simpleton_a, layout_basic, serial_co_window_serial,
          co_window_paths_b, co_window_cross_1, co_window_paths_b,
          co_window_corner_a, co_window_of_opportunity_a,
          co_window_unsneaky_path_e, co_window_2corner,
          co_window_unsneaky_path_b, co_window_corner_b,
          co_window_unsneaky_path_a, co_window_broadway_b, co_window_broadway_a,
          glass_columns_a, glass_columns_c, glass_columns_a
D:2:      layout_loops_ring, kennysheep_generic_room_7
D:3:      layout_loops_corners, lemuel_tele_altar,
          nicolae_overflow_crystal_walls, minmay_misc_feat_four_crosses,
          nicolae_goblin_pals
D:4:      layout_rooms, mainiacjoe_overflow_boulevard, chequers_avenue,
          uniq_blork_the_orc
D:5:      layout_gridville, lemuel_temple_firewalk_b, serial_shops, shop,
          nicolae_take_the_stairs, nicolae_shop_gaudy_bauble,
          nicolae_shop_crystal, kennysheep_mini_moat, st_stairs_8, uniq_grinder,
          uniq_prince_ribbit1
D:6:      layout_basic, serial_shops, shop_coins, kennysheep_generic_room_10
D:7:      layout_basic
D:8:      layout_basic, mainiacjoe_overflow_chevrons, yredelemnul_altar_generic,
          lair_entry_dummy, minmay_nine_imps, uniq_amaemon, uniq_maggie
D:9:      layout_rooms, grunt_temple_overflow_champion_of_chaos,
          grunt_ministairs_3, minmay_misc_feat_ornament,
          nicolae_concentric_dashed_squares_wild, chequers_big_river,
          chequers_serial_rivers_micro_b, uniq_joseph
D:10:     layout_loops_cross, vehumet_statue, nzn_wu_jian_council_hall,
          kennysheep_mini, erik_orc_4, serial_glass, glass_columns_b,
          glass_columns_c, serial_shops, nicolae_stop_n_shop_1
D:11:     layout_roguey, gammafunk_ghost_hive
D:12:     layout_irregular_city, gauntlet_entry_generic, xom_redecorated
D:13:     layout_irregular_city, david_vaults_1, serial_bayou_pond_c,
          kennysheep_pointless_box, nicolae_concentric_dashed_squares_mild,
          hive_lemuel, uniq_frances
D:14:     layout_cave_pools, kennysheep_small_spiral, st_stairs_8, uniq_nessos,
          uniq_snorg
D:15:     grunt_enter_depths_giant_problem, layout_irregular_city,
          minmay_misc_feat_columns
Temple:   nicolae_temple_no_exploring_needed
Lair:1:   layout_layer_cave, basic_altar, minivault_24,
          nicolae_lair_liquid_snakes, grunt_megastairs_5, serial_bayou_shore_a
Lair:2:   layout_hall_layers, minmay_swamp_entry_reptiles, minmay_lindwurm_lava
Lair:3:   layout_hall_layers, minmay_snake_entry_guardpost_small,
          lemuel_fruit_fields
Lair:4:   layout_gridlike, basic_altar, nicolae_lair_grazing_beasts
          [nicolae_sub_lair_graze_edge, nicolae_sub_lair_graze_edge,
          nicolae_sub_lair_graze_edge, nicolae_sub_lair_graze_edge],
          grunt_megastairs_3
Lair:5:   guppyfry_lair_end_dragon, layout_cellular_growth, slime_entry_1,
          lemuel_fruit_tree
Orc:1:    layout_diamond_mine, basic_altar, uniq_erica
Orc:2:    st_orc_open, layout_diamond_mine, serial_shops, bzr_in_the_mist,
          nicolae_shop_overcharged_wands, uniq_rupert

Skill      XL: |  1  2  3  4  5  6  7  8  9 10 11 12 13 14 15 |
---------------+----------------------------------------------+-----
Shields        | 3 4 5 6 7 8 9 10 11 13 | 13.6
Dodging        | 3 4 5 6 7 8 9 10 | 10.6
Fighting       | 3 4 5 6 7 8 9 10 12 | 12.6
Unarmed Combat | 3 4 5 6 7 8 10 11 12 14 | 14.6
Evocations     | 2 4 |  4.1
Throwing       | 1 |  1.7

Action                     |  1- 3 |  4- 6 |  7- 9 | 10-12 | 13-15 || total
---------------------------+-------+-------+-------+-------+-------++-------
  Melee: Unarmed           |    91 |   100 |   335 |   661 |   919 ||  2106
  Throw: Dart              |       |     6 |     2 |     3 |     2 ||    13
         Javelin           |       |     3 |     3 |       |    14 ||    20
         Throwing net      |       |       |       |     1 |       ||     1
 Invoke: Curse Item        |       |       |     1 |     4 |     2 ||     7
  Evoke: Wand              |       |       |     3 |    11 |    26 ||    40
         Condenser vane    |       |       |       |     1 |     4 ||     5
         Box of beasts     |       |       |       |     1 |     1 ||     2
         Phial of floods   |       |       |       |       |     1 ||     1
    Use: Potion            |       |     1 |     2 |    11 |     1 ||    15
         Scroll            |       |     5 |     4 |     4 |     9 ||    22
   Stab: Sleeping          |       |       |       |     2 |     1 ||     3
         Held in net/web   |       |       |       |     1 |       ||     1
         Distracted        |       |       |       |       |     2 ||     2
         Confused          |       |       |       |       |     1 ||     1
 Armour: Robe              |    28 |    10 |    46 |       |       ||    84
         Steam dragon scal |       |       |     2 |    85 |    95 ||   182
         Skin              |       |       |       |    12 |       ||    12
  Dodge: Dodged            |    15 |    40 |   177 |   364 |   514 ||  1110
  Block: Kite shield       |    31 |    23 |   164 |   355 |   573 ||  1146

Table legend: (Time is in decaauts)
 A = Elapsed time spent in this place.
 B = Non-inter-level travel time spent in this place.
 C = Inter-level travel time spent in this place.
 D = Time resting spent in this place.
 E = Time spent auto-exploring this place.
 F = Levels seen in this place.
 G = Mean time per level.
                   A        B        C        D        E       F      G
               +--------+--------+--------+--------+--------+-----+--------+
         Total |  22531 |  21317 |   1214 |   4212 |  11931 |  25 |  901.2 |
       Dungeon |  15114 |  14264 |    850 |   2659 |   8645 |  15 | 1007.6 |
        Temple |     15 |      8 |      7 |      0 |      0 |   1 |   15.0 |
          Lair |   5941 |   5606 |    335 |   1037 |   2968 |   5 | 1188.2 |
  Orcish Mines |    606 |    585 |     21 |      0 |    318 |   2 |  303.0 |
        Bazaar |    100 |    100 |      0 |      0 |      0 |   1 |  100.0 |
      Gauntlet |    752 |    752 |      0 |    515 |      0 |   1 |  752.0 |
               +--------+--------+--------+--------+--------+-----+--------+

Top non-repeatable levels by time:
     D:8: 1591 daAuts
  Lair:1: 1537 daAuts
     D:9: 1405 daAuts
    D:13: 1343 daAuts
  Lair:2: 1293 daAuts
    D:14: 1240 daAuts
     D:5: 1192 daAuts
     D:6: 1094 daAuts
     D:3: 1078 daAuts
  Lair:5: 1043 daAuts
  Lair:3: 1034 daAuts
  Lair:4: 1032 daAuts
     D:1: 974 daAuts
     D:4: 904 daAuts
    D:15: 817 daAuts
